Map: Zielone pola

Players

Washington

  • Race: Terran Terran
  • Spawn Location: 9:00

itay

  • Race: Protoss Protoss
  • Spawn Location: 6:00

Lomnar

  • Race: Protoss Protoss
  • Spawn Location: 7:00

Apocaluptus

  • Race: Terran Terran
  • Spawn Location: 12:00

KROS

  • Race: Terran Terran
  • Spawn Location: 1:00

Gracz

  • Race: Protoss Protoss
  • Spawn Location: 3:00

VOD

Have the link to the VOD?

Description

Time

  • Played on: Feb. 26, 2016, 6:29 p.m.
  • Length: 9:19
Show
View Real Time Build Order
Export as new Build Order

Washington Terran 

Build Orders:  

Get SALT Encoding   

  12  0:14  Supply Depot  
  12  0:21  SCV  
  13  0:28  Refinery  
  13  0:38  Barracks  
  13  0:43  SCV  
  14  0:55  SCV  
  15  1:04  Barracks  
  15  1:07  SCV  
  16  1:19  SCV  
  17  1:27  Supply Depot  
  17  1:28  Reaper  
  18  1:43  Refinery  
  18  1:50  SCV  
  18  1:53  Barracks Reactor  
  19  2:00  Reaper  
  20  2:08  SCV  
  21  2:09  Supply Depot  
  21  2:28  SCV  
  22  2:31  Reaper  
  22  2:33  Reaper x2  
  25  2:40  SCV  
  25  2:41  Supply Depot  
  26  2:53  SCV  
  27  3:04  Reaper  
  27  3:05  SCV, Reaper x2  
  31  3:17  SCV  
  32  3:36  Reaper  
  32  3:37  Reaper  
  31  4:20  Marine x3  
  34  4:27  SCV  
  35  4:37  Supply Depot  
  35  4:38  Marine  
  35  4:39  SCV  
  35  4:41  Engineering Bay  
  37  4:51  SCV  
  38  4:53  Marine x2  
  38  4:56  Marine  
  41  5:02  Command Center  
  41  5:03  Supply Depot  
  42  5:07  Supply Depot, Orbital Command  
  41  5:18  Supply Depot  
  41  5:20  Terran Infantry Weapons Level 1  
  41  5:22  Factory  
  41  5:34  SCV  
  42  5:46  SCV  
  43  5:58  SCV  
  44  6:10  SCV  
  44  6:25  Marine x3  
  47  6:39  Factory Tech Lab  
  47  6:41  Planetary Fortress  
  47  6:43  Marine x3, SCV  
  51  6:53  Missile Turret  
  51  6:56  SCV  
  51  7:01  Marine x3, Siege Tank  
  56  7:08  SCV  
  59  7:14  Terran Infantry Armor Level 1  
  59  7:18  Marine  
  59  7:19  Marine x2  
  59  7:20  SCV  
  59  7:21  Factory  
  63  7:23  Missile Turret  
  63  7:28  Missile Turret  
  63  7:32  SCV  
  63  7:33  Siege Tank  
  63  7:36  Marine x2  
  63  7:37  Marine  
  70  7:54  Marine  
  71  8:10  SCV  
  71  8:12  Factory Tech Lab  
  72  8:14  Siege Tank  
  75  8:22  SCV  
  76  8:34  SCV  
  77  8:46  Siege Tank, SCV  
  81  8:58  SCV  
Show
View Real Time Build Order
Export as new Build Order

itay Protoss 

Build Orders:  

Get SALT Encoding   

  12  0:06  Probe (Chrono Boost)  
  13  0:16  Probe (Chrono Boost)  
  14  0:22  Pylon  
  14  0:27  Assimilator  
  14  0:33  Assimilator  
  14  0:40  Probe (Chrono Boost)  
  15  0:51  Probe (Chrono Boost)  
  15  0:56  Gateway  
  16  1:01  Probe (Chrono Boost)  
  17  1:12  Probe (Chrono Boost)  
  18  1:22  Probe (Chrono Boost)  
  19  1:33  Probe (Chrono Boost)  
  20  1:43  Probe (Chrono Boost)  
  20  1:44  Cybernetics Core  
  21  1:56  Pylon  
  21  2:03  Pylon  
  21  2:09  Pylon  
  21  2:21  Mothership Core (Chrono Boost)  
  23  2:40  Stargate  
  23  2:43  Stargate  
  23  3:32  Fleet Beacon  
  29  5:08  Pylon  
  29  5:13  Carrier x2  
  41  5:16  Pylon  
  41  5:17  Pylon  
  41  5:19  Nexus  
  41  5:21  Assimilator  
  41  5:25  Assimilator  
  41  6:32  Probe (Chrono Boost)  
  42  6:43  Probe (Chrono Boost)  
  43  6:53  Probe (Chrono Boost)  
  44  7:02  Carrier x2  
  56  7:09  Protoss Air Weapons Level 1 (Chrono Boost)  
  56  7:12  Probe  
  57  7:22  Probe  
  58  7:33  Probe  
  59  7:43  Probe  
  60  7:54  Probe  
Show
View Real Time Build Order
Export as new Build Order

Lomnar Protoss 

Build Orders: Blink Stalkers 

Get SALT Encoding   

  12  0:02  Probe (Chrono Boost)  
  13  0:13  Probe (Chrono Boost)  
  14  0:23  Probe (Chrono Boost)  
  14  0:25  Pylon  
  15  0:43  Probe (Chrono Boost)  
  15  0:45  Gateway  
  16  0:54  Probe (Chrono Boost)  
  16  0:56  Assimilator  
  17  1:04  Probe (Chrono Boost)  
  18  1:15  Probe (Chrono Boost)  
  19  1:21  Pylon  
  19  1:26  Probe (Chrono Boost)  
  19  1:28  Assimilator  
  20  1:39  Probe (Chrono Boost), Cybernetics Core  
  21  1:50  Probe (Chrono Boost)  
  22  2:00  Probe (Chrono Boost)  
  23  2:11  Probe (Chrono Boost)  
  24  2:27  Probe (Chrono Boost)  
  24  2:28  Nexus  
  25  2:37  Pylon  
  25  2:38  Mothership Core (Chrono Boost)  
  27  2:50  Warp Gate  
  27  2:53  Stalker  
  27  2:56  Probe (Chrono Boost)  
  30  3:00  Pylon  
  30  3:06  Probe (Chrono Boost), Twilight Council  
  31  3:14  Gateway  
  31  3:17  Probe (Chrono Boost)  
  32  3:26  Pylon  
  32  3:33  Probe (Chrono Boost)  
  32  3:41  Stalker  
  33  3:43  Probe (Chrono Boost)  
  33  3:46  Blink  
  36  3:53  Probe (Chrono Boost)  
  36  3:54  Probe (Chrono Boost)  
  38  4:03  Probe (Chrono Boost)  
  38  4:04  Probe (Chrono Boost)  
  40  4:14  Stalker  
  42  4:17  Stalker  
  42  4:19  Gateway  
  42  4:21  Probe (Chrono Boost)  
  42  4:22  Probe (Chrono Boost)  
  47  4:31  Probe (Chrono Boost)  
  47  4:32  Probe (Chrono Boost)  
  48  4:41  Pylon  
  48  4:42  Probe (Chrono Boost)  
  48  4:43  Probe (Chrono Boost)  
  48  4:44  Stalker  
  52  4:48  Stalker  
  54  5:04  Gateway  
  54  5:07  Probe (Chrono Boost)  
  54  5:08  Pylon, Probe (Chrono Boost)  
  54  5:10  Pylon  
  56  5:24  Stalker  
  56  5:26  Pylon  
  58  5:34  Stalker x2  
  58  5:35  Pylon  
  62  6:22  Stalker x3  
  66  6:43  Nexus  
  66  6:44  Probe (Chrono Boost)  
  66  6:45  Probe (Chrono Boost)  
  66  6:46  Assimilator  
  68  6:47  Assimilator  
  68  6:54  Stargate  
  68  6:55  Probe x2 (Chrono Boost)  
  68  6:57  Robotics Facility  
  70  7:02  Dark Shrine  
  70  7:05  Probe (Chrono Boost)  
  70  7:06  Probe (Chrono Boost)  
  72  7:08  Templar Archives  
  72  7:10  Pylon  
  72  7:14  Pylon  
  72  7:16  Probe x2 (Chrono Boost)  
  72  7:19  Pylon  
  72  7:21  Assimilator  
  74  7:25  Assimilator  
  74  7:27  Probe x2 (Chrono Boost)  
  76  7:30  Pylon  
  76  7:34  Pylon  
  76  7:35  Pylon  
  76  7:37  Probe (Chrono Boost)  
  76  7:38  Probe (Chrono Boost)  
  76  7:39  Pylon  
  76  7:40  Pylon  
  76  7:43  Pylon  
  78  7:47  Pylon x2  
  78  7:48  Probe x2 (Chrono Boost)  
  78  7:50  Pylon  
  80  7:58  Forge  
  80  8:00  Forge  
  80  8:03  Forge  
  80  8:25  High Templar x2  
  80  8:26  High Templar  
  86  8:55  High Templar  
Show
View Real Time Build Order
Export as new Build Order

Apocaluptus Terran 

Build Orders:  

Get SALT Encoding   

  12  0:12  Supply Depot  
  12  0:14  SCV  
  13  0:27  SCV  
  14  0:38  Barracks  
  14  0:39  SCV  
  15  0:46  Refinery  
  15  0:51  SCV  
  16  1:03  SCV  
  17  1:25  Marine  
  18  1:33  Barracks  
  18  1:43  Marine  
  19  2:01  Marine  
  20  2:18  Marine  
  20  2:21  Reaper  
  22  2:29  Factory  
  22  2:36  Reaper  
  23  3:09  Supply Depot  
  23  3:16  Supply Depot  
  23  3:28  Marine  
  23  3:30  SCV  
  16  3:46  Marine  
  8  3:57  Marine  
  7  4:04  Marine  
  7  4:14  SCV  
  7  4:15  Marine  
  9  4:22  Marine  
  10  4:26  SCV  
  11  4:33  Marine  
  12  4:38  SCV  
  13  4:47  Starport  
  13  4:51  Marine, SCV  
  15  4:59  Marine  
  16  5:08  Marine  
  17  5:17  Marine  
  18  5:26  Marine  
  19  5:29  Factory Tech Lab  
  19  5:32  SCV  
  19  5:35  Marine  
  21  5:44  Marine, SCV  
  23  5:52  Marine  
  23  5:56  SCV  
  25  6:02  Marine  
  26  6:08  SCV  
  27  6:15  Siege Tank  
  30  6:47  Siege Tank  
  33  7:28  Engineering Bay  
    8:49  SCV  
  1  9:01  SCV  
Show
View Real Time Build Order
Export as new Build Order

KROS Terran 

Build Orders: MMM Bio 

Get SALT Encoding   

  12  0:13  Supply Depot  
  12  0:24  Refinery  
  12  0:26  SCV  
  13  0:38  SCV  
  13  0:39  Supply Depot  
  14  0:56  Barracks  
  14  1:07  Supply Depot  
  14  1:17  SCV  
  15  1:29  SCV  
  15  1:30  Barracks  
  16  1:41  SCV  
  17  1:50  Marine  
  17  1:53  SCV  
  19  2:06  Supply Depot, SCV  
  20  2:11  Barracks Reactor  
  20  2:18  SCV  
  20  2:22  Factory  
  21  2:26  Barracks Tech Lab  
  21  2:34  Refinery  
  21  2:44  Engineering Bay  
  21  2:50  Supply Depot  
  21  2:51  Marine  
  22  3:01  Combat Shields  
  22  3:10  Orbital Command  
  22  3:28  Bunker  
  22  3:33  Supply Depot  
  22  3:35  Marine  
  22  3:36  Marine  
  24  3:53  Marine  
  24  3:54  Marine  
  26  4:11  Marine  
  26  4:12  Marine  
  28  4:18  Barracks  
  28  4:29  Marine x2  
  30  4:40  Supply Depot  
  30  4:44  Terran Infantry Weapons Level 1  
  30  4:47  Marine x2  
  32  5:04  Marine  
  32  5:05  Marine  
  34  5:07  Stimpack  
  34  5:23  Armory  
  34  5:25  Supply Depot  
  34  5:26  Barracks Reactor  
  34  5:28  Marine  
  34  6:38  Terran Infantry Armor Level 1  
  34  6:41  Marine x2  
  36  6:48  Command Center  
  36  6:50  Widow Mine  
  38  6:59  Marine x2  
  40  7:07  SCV  
  41  7:15  Missile Turret  
  41  7:16  Marine  
  41  7:17  Marine  
  41  7:19  SCV  
  44  7:25  Marauder  
  46  7:31  SCV  
  46  7:34  Missile Turret, Marine x2  
  49  7:37  Starport  
  49  7:46  Marauder  
  51  8:09  Factory Tech Lab  
  51  8:18  Factory  
  51  8:44  Supply Depot  
  50  9:10  Starport Reactor  
Show
View Real Time Build Order
Export as new Build Order

Gracz Protoss 

Build Orders:  

Get SALT Encoding   

  12  0:03  Probe (Chrono Boost)  
  13  0:14  Probe (Chrono Boost)  
  14  0:20  Pylon  
  14  0:29  Pylon  
  14  0:33  Assimilator  
  14  0:37  Probe (Chrono Boost)  
  15  0:47  Probe (Chrono Boost)  
  16  1:02  Gateway  
  16  1:07  Gateway  
  16  1:17  Gateway  
  16  1:35  Gateway  
  16  1:39  Gateway  
  16  1:46  Probe (Chrono Boost)  
  17  1:58  Cybernetics Core  
  17  2:03  Probe (Chrono Boost)  
  17  2:06  Assimilator  
  18  2:58  Mothership Core (Chrono Boost)  
  20  3:03  Warp Gate (Chrono Boost)  
  20  3:13  Stalker x3  
  20  3:14  Stalker  
  20  3:15  Stalker  
  30  3:35  Forge  
  30  4:23  Twilight Council  
  30  4:43  Pylon  
  30  4:46  Pylon  
  30  4:49  Pylon  
  30  5:08  Stargate  
  30  5:10  Stargate  
  30  5:13  Stargate  
  30  5:45  Nexus  
  30  5:47  Pylon  
  30  6:03  Stalker  
  21  6:04  Stalker x2  
  10  6:46  Probe  
  11  7:29  Probe  
  12  7:51  Probe  
  13  8:03  Probe  
  14  8:30  Probe  
  15  8:42  Probe  
Tags
 
Add a new tag
Caveats
  • Supply blocks, unpowered buildings, or Contaminate may cause inaccurate times.
  • Supply counts are checked every 10 seconds.